 Dungeon Crawl Stone Soup version 0.27-a0-416-gca2cecf3c0 (webtiles) character file.

Game seed: 7442637172018846099

3784 hellse the Martial Artist (level 10, -4/71 HPs)
             Began as an Octopode Transmuter on Feb 25, 2021.
             Was a Believer of Cheibriados.
             Slain by a wyvern (17 damage)
             ... on level 8 of the Dungeon.
             The game lasted 00:16:52 (10786 turns).

hellse the Martial Artist (Octopode Transmuter)    Turns: 10786, Time: 00:16:53

Health: -4/71      AC:  6    Str: 13    XL:     10   Next: 16%
Magic:  0/13       EV: 24    Int: 20    God:    Cheibriados [**....]
Gold:   432        SH:  0    Dex: 25    Spells: 2/13 levels left

rFire    + + .     SeeInvis .     - Unarmed
rCold    + . .     Faith    .   (shield currently unavailable)
rNeg     . . .     Spirit   +   (helmet currently unavailable)
rPois    .         Reflect  .   a - amulet of guardian spirit
rElec    +         Harm     .   p - +4 ring of protection
rCorr    +         Rampage  .   t - ring of protection from fire
Will     .....                  (no ring)
Stlth    +++.......             (no ring)
HPRegen  0.21/turn              (no ring)
MPRegen  0.13/turn              (no ring)
                                (no ring)
                                (no ring)

@: about to teleport, spider-form, resistant, wereblooded, attractive, very slow
A: tiny, almost no armour, stealthy swim, (amphibious), 8 rings, (constrict 8)
a: End Transformation, Renounce Religion, Bend Time


You were on level 8 of the Dungeon.
You worshipped Cheibriados.
Cheibriados was pleased with you.
You were a venomous arachnid creature.
You visited 2 branches of the dungeon, and saw 9 of its levels.

You collected 432 gold pieces.

Inventory:

Jewellery
 a - an amulet of guardian spirit (around neck)
 f - a ring of flight
 l - a ring of ice
 p - a +4 ring of protection (left front leg)
 t - a ring of protection from fire (right front leg)
Wands
 g - a wand of polymorph (8)
 u - a wand of iceblast (14)
Scrolls
 d - 2 scrolls of fog
 e - a scroll of amnesia
 m - 3 scrolls of enchant armour
 s - a scroll of holy word {unknown}
 v - a scroll of vulnerability {unknown}
 w - a scroll of noise {unknown}
 x - a scroll of enchant weapon {unknown}
Potions
 b - a potion of mutation
 c - a potion of resistance
 h - a potion of attraction
 j - a potion of flight {unknown}
 k - 2 potions of brilliance {unknown}
 n - 2 potions of heal wounds {unknown}
 o - a potion of haste {unknown}
 q - a potion of berserk rage {unknown}


   Skills:
 - Level 7.1 Fighting
 - Level 4.0 Dodging
 - Level 2.3 Stealth
 - Level 9.3 Unarmed Combat
 - Level 2.0 Spellcasting
 + Level 7.5 Transmutations
 - Level 3.1 Poison Magic


You had 2 spell levels left.
You knew the following spells:

 Your Spells              Type           Power        Failure   Level
a - Beastly Appendage     Tmut           64%          4%          1
b - Wereblood             Tmut           32%          5%          2
c - Spider Form           Tmut/Pois      11%          16%         3
d - Blade Hands           Tmut           16%          41%         5

Your spell library contained the following spells:

 Spells                   Type           Power        Failure   Level
 Sandblast                Erth           4%           34%         1
 Ice Form                 Ice/Tmut       17%          54%         4


Dungeon Overview and Level Annotations

Branches:
Dungeon (8/15)             Temple (1/1) D:7
   Lair: D:8-11

Altars:
Ashenzari
Cheibriados
Dithmenos
Fedhas
Gozag
Hepliaklqana
Makhleb
Nemelex Xobeh
Okawaru
Ru
Sif Muna
Trog
Uskayaw
Vehumet
Wu Jian
Xom
Yredelemnul
Zin
The Shining One

Annotations:
D:5 need digg


Innate Abilities, Weirdness & Mutations

You cannot wear most types of armour.
You are very stealthy in the water. (Stealth+)
((You are amphibious.))
You can wear up to eight rings at the same time.
((You can use your tentacles to constrict eight enemies at once.))
((Your skin changes colour to match your surroundings (Stealth+).))
((Your rubbery body absorbs attacks. (AC +1, EV +1)))


Message History

Unknown command.
Unknown command.
Okay, then.
It was a potion of curing.
You feel better. The wyvern completely misses you.
The kobold completely misses you. The orc barely misses you.
The kobold closely misses you. The kobold brigand closely misses you.
The wyvern completely misses you.
You feel better.
You are no longer corroded.
The kobold closely misses you. The kobold completely misses you.
The wyvern bites you!
* * * LOW HITPOINT WARNING * * *
The orc misses you. The kobold brigand closely misses you.
Unknown command.
Unknown command.
Unknown command.
You feel better. The wyvern misses you. The kobold completely misses you.
The kobold misses you.
The kobold brigand completely misses you.
The orc barely misses you. The wyvern closely misses you.
Unknown command.
Unknown command.
As you read the scroll labelled QAGAEM GOOSOOMON, it crumbles to dust.
You feel strangely unstable.
It was a scroll of teleportation.
The kobold completely misses you. The kobold closely misses you.
The wyvern closely misses you. The kobold brigand misses you.
The orc cheers repeatedly, in orcish tradition.
The orc completely misses you.
It was a potion of resistance.
You feel protected. The wyvern completely misses you.
The kobold closely misses you. x2
The kobold brigand completely misses you.
The wyvern barely misses you.
It was a potion of attraction.
You feel attractive to monsters. The kobold closely misses you.
The orc barely misses you. The kobold hits you but does no damage.
The wyvern hisses menacingly.
The wyvern bites you!!
You die...

. .. ... .... #.
.....
#.############......
#..........oslK.....
...........KKK......
............SF......
####...####.#######
#...# #.#..
#...####.#'##
#............
#............
#####............


You could see a wyvern, a kobold brigand, a bullfrog, an adder, an orc and 3
kobolds.

Vanquished Creatures
  The ghost of fuzz the Chopper, a novice OpBe of Trog (D:5)
  Sigmund (D:5)
  Eustachio (D:5)
  3 orc warriors
  An eye of draining (D:8)
  2 sky beasts
  3 ice beasts
  3 ogres
  2 centaurs (D:6)
  A necrophage (D:8)
  A phantom (D:7)
  A kobold brigand (D:8)
  2 bullfrogs (D:6)
  5 scorpions
  A killer bee (D:8)
  2 howler monkeys
  2 bullfrog zombies
  3 jellies
  A centaur zombie (D:7)
  5 hounds
  A quasit (D:7)
  3 orc priests
  A bullfrog skeleton (D:5)
  A gnoll shaman (D:7)
  Natasha (thrice) (D:4)
  6 orc wizards
  7 worker ants
  A hound skeleton (D:7)
  3 worker ant zombies
  Robin (D:4)
  9 gnolls (D:7)
  12 adders
  A shadow imp (D:7)
  2 white imps (D:5)
  An ooze (D:1)
  An adder skeleton (D:7)
  2 dart slugs
  5 worms
  3 leopard geckos (D:3)
  14 orcs
  A giant cockroach (D:1)
  14 goblins
  8 hobgoblins
  6 jackals
  6 kobolds
  8 quokkas
  3 ball pythons
  5 bats
  10 frilled lizards
  A leopard gecko skeleton (D:7)
  2 quokka zombies
  3 rats
185 creatures vanquished.

Vanquished Creatures (others)
  An orc wizard (D:4)
1 creature vanquished.

Grand Total: 186 creatures vanquished

Notes
Turn   | Place    | Note
-------+----------+-------------------------------------------
     0 | D:1      | hellse the Octopode Transmuter began the quest for the Orb.
     0 | D:1      | Reached XP level 1. HP: 13/13 MP: 3/3
   547 | D:1      | Reached XP level 2. HP: 18/18 MP: 5/5
  1084 | D:2      | You fall into a shaft and drop 2 floors!
  1084 | D:4      | Found a stormy altar of Qazlal.
  1084 | D:4      | Found a radiant altar of Vehumet.
  1084 | D:4      | Found a shimmering altar of Xom.
  1084 | D:4      | Found a hazy altar of Hepliaklqana.
  1084 | D:4      | Found an ornate altar of the Wu Jian Council.
  1084 | D:4      | Found a burning altar of Makhleb.
  1111 | D:4      | Noticed a howler monkey
  1127 | D:4      | Killed a howler monkey
  1128 | D:4      | Reached XP level 3. HP: 22/23 MP: 3/6
  1128 | D:4      | Reached XP level 4. HP: 27/28 MP: 3/7
  1131 | D:4      | Learned a level 2 spell: Wereblood
  1135 | D:4      | Learned a level 3 spell: Spider Form
  1167 | D:4      | Noticed Natasha
  1173 | D:4      | Found a sparkling altar of Nemelex Xobeh.
  1188 | D:4      | Killed Natasha
  1234 | D:4      | Noticed Natasha
  1241 | D:4      | Killed Natasha
  1452 | D:4      | Noticed an ice beast
  1561 | D:4      | Reached skill level 4 in Unarmed Combat
  1561 | D:4      | Reached XP level 5. HP: 4/33 MP: 4/8
  1575 | D:4      | HP: 1/33 [poisoned by an adder]
  2091 | D:3      | Found a glowing silver altar of Zin.
  2091 | D:3      | Found a bloodstained altar of Trog.
  2312 | D:2      | Found a radiant altar of Vehumet.
  2473 | D:2      | Found a faded altar of an unknown god.
  2969 | D:3      | Reached skill level 5 in Unarmed Combat
  3680 | D:5      | Entered Level 5 of the Dungeon
  3825 | D:4      | Noticed Natasha
  3835 | D:4      | Killed Natasha
  3836 | D:4      | Reached XP level 6. HP: 32/38 MP: 5/9
  4053 | D:4      | Found a shimmering blue altar of Sif Muna.
  4486 | D:4      | Identified Sif Muna's Volume of Clay
  4898 | D:4      | Noticed Robin
  4907 | D:4      | Killed Robin
  5289 | D:3      | Reached XP level 7. HP: 22/43 MP: 6/10
  5448 | D:4      | Reached skill level 6 in Unarmed Combat
  5713 | D:5      | Found a shadowy altar of Dithmenos.
  5744 | D:5      | Reached skill level 7 in Unarmed Combat
  5829 | D:5      | Noticed Eustachio
  6049 | D:6      | Reached XP level 8. HP: 42/52 MP: 6/11
  6218 | D:6      | Reached skill level 5 in Fighting
  6575 | D:6      | Found a hide-covered altar of Uskayaw.
  6872 | D:7      | Found a bloodstained altar of Trog.
  6942 | D:7      | Reached skill level 8 in Unarmed Combat
  7047 | D:7      | Found a staircase to the Ecumenical Temple.
  7061 | Temple   | Entered the Ecumenical Temple
  7131 | Temple   | Became a worshipper of Cheibriados the Contemplative
  7156 | D:7      | Reached skill level 9 in Unarmed Combat
  7156 | D:7      | Reached XP level 9. HP: 39/61 MP: 5/12
  7924 | D:7      | Found an opulent altar of Gozag.
  8363 | D:7      | Reached * piety under Cheibriados
  8595 | D:5      | Killed Eustachio
  9151 | D:5      | Found a large runed translucent door.
  9151 | D:5      | Found a large runed translucent door.
  9155 | D:5      | Noticed fuzz's ghost (novice OpBe)
  9272 | D:5      | Noticed Sigmund
  9283 | D:5      | Killed Sigmund
  9332 | D:5      | Reached skill level 1 in Stealth
 10052 | D:5      | Killed fuzz's ghost
 10053 | D:5      | Reached skill level 5 in Transmutations
 10069 | D:5      | Learned a level 5 spell: Blade Hands
 10409 | D:8      | Reached XP level 10. HP: 68/71 MP: 11/13
 10627 | D:8      | Reached ** piety under Cheibriados
 10786 | D:8      | Slain by a wyvern

Illustrated notes

Levels and vault maps discovered:
D:1:      dpeg_arrival_brainrot, layout_basic
D:2:      layout_rooms, lemuel_round_altar, chequers_ecumenical_altar_grove
D:3:      layout_loops_ring, gammafunk_temple_overflow_wave,
          minmay_pentomino_pile
D:4:      layout_basic, led_sif_book, nemelex_xobeh_ov_fountains_minmay,
          grunt_decor_fettered, doesnt_xom_only_xom, uniq_robin, uniq_natasha
D:5:      layout_layer_cave, kennysheep_mini_moat, ebering_ghost_disaster_area,
          minmay_misc_feat_ornament, nicolae_zen_rock_garden, uniq_eustachio,
          uniq_sigmund
D:6:      layout_basic, nicolae_overflow_hidden_temple
D:7:      layout_loops_corners, kennysheep_mini,
          minmay_temple_entry_statues_fountains, trog_three_pillars_becter
D:8:      layout_basic, david_lair_generic, minmay_manual_monolith
Temple:   nicolae_temple_great_sept

Skill      XL: |  1  2  3  4  5  6  7  8  9 10 |
---------------+-------------------------------+-----
Transmutations | 4 6 7 |  7.5
Unarmed Combat | 4 5 7 9 |  9.3
Poison Magic   | 3 |  3.1
Fighting       | 3 5 7 |  7.1
Dodging        | 4 |  4.0
Stealth        | 2 |  2.3
Spellcasting   | |  2.0

Action                   |  1- 3 |  4- 6 |  7- 9 | 10-12 || total
-------------------------+-------+-------+-------+-------++-------
Melee: Unarmed           |    39 |   180 |   310 |    39 ||   568
       Constrict         |    10 |    50 |    37 |     3 ||   100
       Tentacles         |     8 |    32 |    43 |     5 ||    88
       Kick              |     1 |    35 |    11 |     3 ||    50
       Punch             |       |     6 |    17 |     3 ||    26
 Cast: Beastly Appendage |     3 |    15 |     4 |     1 ||    23
       Wereblood         |       |     5 |     2 |     1 ||     8
       Spider Form       |       |     3 |    15 |     2 ||    20
 Abil: End Transformatio |       |     1 |       |       ||     1
  Use: Scroll            |       |     6 |     1 |     1 ||     8
       Potion            |       |       |       |     5 ||     5
 Stab: Sleeping          |     3 |     7 |     2 |       ||    12
Armor: Skin              |     1 |    21 |    43 |     4 ||    69
Dodge: Dodged            |    26 |    88 |   183 |    76 ||   373

Table legend: (Time is in decaauts)
 A = Elapsed time spent in this place.
 B = Non-inter-level travel time spent in this place.
 C = Inter-level travel time spent in this place.
 D = Time resting spent in this place.
 E = Time spent auto-exploring this place.
 F = Levels seen in this place.
 G = Mean time per level.
                   A        B        C        D        E       F      G
               +--------+--------+--------+--------+--------+-----+--------+
         Total |  11553 |  10895 |    658 |   2836 |   6478 |   9 | 1283.7 |
       Dungeon |  11472 |  10839 |    633 |   2836 |   6425 |   8 | 1434.0 |
        Temple |     80 |     55 |     25 |      0 |     53 |   1 |   80.0 |
               +--------+--------+--------+--------+--------+-----+--------+

Top non-repeatable levels by time:
     D:5: 2507 daAuts
     D:4: 2399 daAuts
     D:7: 1981 daAuts
     D:3: 1578 daAuts
     D:1: 938 daAuts
     D:6: 765 daAuts
     D:2: 723 daAuts
     D:8: 578 daAuts
  Temple: 80 daAuts
